[ AOE2 MATCH · #481381719 ]
UnrankedBurgundians vs Koreans
Player's team · LOSS
[ REPLAY ANALYSIS · EXTRACTED FROM THE RECORDED GAME ]
Feudal
—
Castle
—
Imperial
—
| APM avg | 26.1 |
| APM peak | 55 |
| eAPM avg | 16.6 |
| Villagers / military | 152 / 189 |
Focus
⚔️ 26.9% · 🌾 73.1%
Hand Cannoneer ×186 · Trebuchet (Packed) ×2 · Monk ×1
Feudal
10:30
Castle
13:46
Imperial
28:46
| APM avg | 34.0 |
| APM peak | 81 |
| eAPM avg | 21.4 |
| Villagers / military | 225 / 87 |
Focus
⚔️ 19.0% · 🌾 81.0%
War Elephant ×80 · Trebuchet (Packed) ×5 · Monk ×2
Feudal
11:13
Castle
14:45
Imperial
28:16
| APM avg | 49.0 |
| APM peak | 94 |
| eAPM avg | 28.5 |
| Villagers / military | 164 / 34 |
Focus
⚔️ 30.4% · 🌾 69.6%
Cannon Galleon ×19 · Bombard Cannon ×10 · Turtle Ship ×3 · Monk ×1 · Trebuchet (Packed) ×1
Feudal
10:11
Castle
13:34
Imperial
29:46
| APM avg | 40.7 |
| APM peak | 95 |
| eAPM avg | 26.5 |
| Villagers / military | 191 / 124 |
Focus
⚔️ 30.0% · 🌾 70.0%
War Elephant ×108 · Trebuchet (Packed) ×11 · Fishing Ship ×6 · Monk ×5 · Trade Cart ×3
Feudal
10:37
Castle
14:24
Imperial
27:20
| APM avg | 34.6 |
| APM peak | 62 |
| eAPM avg | 18.5 |
| Villagers / military | 106 / 52 |
Focus
⚔️ 31.6% · 🌾 68.4%
Organ Gun ×30 · Spearman ×18 · Bombard Cannon ×4
Feudal
9:41
Castle
13:11
Imperial
27:50
| APM avg | 34.3 |
| APM peak | 63 |
| eAPM avg | 22.2 |
| Villagers / military | 148 / 69 |
Focus
⚔️ 32.1% · 🌾 67.9%
Knight ×69 · Trade Cart ×31
Feudal
10:07
Castle
13:46
Imperial
30:06
| APM avg | 36.3 |
| APM peak | 73 |
| eAPM avg | 20.8 |
| Villagers / military | 150 / 66 |
Focus
⚔️ 34.3% · 🌾 65.7%
Longbowman ×60 · Trade Cart ×4 · Trebuchet (Packed) ×4 · Monk ×2
Feudal
10:56
Castle
14:32
Imperial
27:43
| APM avg | 42.8 |
| APM peak | 77 |
| eAPM avg | 26.5 |
| Villagers / military | 139 / 139 |
Focus
⚔️ 40.8% · 🌾 59.2%
Chakram Thrower ×98 · Armored Elephant ×38 · Fishing Ship ×6 · Monk ×3
Match map
Initial resources + every placement click. Lines = walls · curves = elevation contours. ◆ gold · ⬟ stone · ● berries · ✦ relic · ◌ wall gap
Your base· ✓ Closed at 12:18 · 0t walls · 3 gate(s)
经典不变的回忆 | memory's base· ✓ Closed at 13:46 · 0t walls · 4 gate(s)
奶糖美少女's base· ✓ Closed at 14:45 · 2t walls · 4 gate(s)
Mr_oY's base· ✓ Closed at 13:34 · 0t walls · 4 gate(s)
EDM KamBá's base· ✓ Closed at 14:24 · 0t walls · 3 gate(s)
TL_旋律's base· ✓ Closed at 13:11 · 0t walls · 4 gate(s)
FMG | Sawasha Takohida's base· ✓ Closed at 13:46 · 0t walls · 4 gate(s)
_LY_lyx's base· ✓ Closed at 14:32 · 0t walls · 3 gate(s)
Smoothed initial terrain · ◌ = detected wall gap · hover for details
Inputs per minute
— Dubz1197 - - 经典不变的回忆 | memory
Build order — Dubz1197
First 150 of 391 actions detected
| 0:01 | Queue | Villager (Male) |
| 0:01 | Queue | Villager (Male) |
| 0:02 | Queue | Villager (Male) |
| 0:02 | Queue | Villager (Male) |
| 0:03 | Build | House |
| 0:04 | Build | House |
| 1:23 | Queue | Villager (Male) |
| 1:23 | Queue | Villager (Male) |
| 1:57 | Queue | Villager (Male) |
| 1:57 | Queue | Villager (Male) |
| 1:57 | Queue | Villager (Male) |
| 2:25 | Build | Lumber Camp |
| 2:29 | Queue | Villager (Male) |
| 2:29 | Queue | Villager (Male) |
| 2:29 | Queue | Villager (Male) |
| 2:46 | Queue | Villager (Male) |
| 2:46 | Queue | Villager (Male) |
| 3:22 | Queue | Villager (Male) |
| 3:23 | Queue | Villager (Male) |
| 3:43 | Queue | Villager (Male) |
| 3:52 | Build | House |
| 4:12 | Queue | Villager (Male) |
| 4:30 | Build | Mill |
| 4:38 | Queue | Villager (Male) |
| 4:38 | Queue | Villager (Male) |
| 4:38 | Queue | Villager (Male) |
| 5:25 | Queue | Villager (Male) |
| 5:25 | Queue | Villager (Male) |
| 5:55 | Queue | Villager (Male) |
| 5:56 | Queue | Villager (Male) |
| 6:02 | Build | House |
| 6:09 | Queue | Villager (Male) |
| 6:09 | Queue | Villager (Male) |
| 6:32 | Build | Mining Camp |
| 6:35 | Queue | Villager (Male) |
| 7:20 | Queue | Villager (Male) |
| 7:29 | Research | Double-Bit Axe |
| 7:31 | Queue | Villager (Male) |
| 7:37 | Build | House |
| 8:12 | Build | House |
| 9:08 | Research | Feudal Age |
| 9:08 | Research | Feudal Age |
| 11:25 | Build | Market |
| 11:27 | Build | Blacksmith |
| 11:34 | Queue | Villager (Male) |
| 11:34 | Queue | Villager (Male) |
| 12:18 | Research | Castle Age |
| 12:18 | Research | Castle Age |
| 12:25 | Build | Lumber Camp |
| 12:49 | Research | Horse Collar |
| 12:50 | Research | Horse Collar |
| 13:13 | Research | Bow Saw |
| 13:13 | Research | Bow Saw |
| 13:20 | Research | Heavy Plow |
| 13:20 | Research | Heavy Plow |
| 13:31 | Build | Farm |
| 13:32 | Build | Farm |
| 13:33 | Build | Farm |
| 13:34 | Build | Farm |
| 15:08 | Build | Town Center |
| 15:10 | Research | Wheelbarrow |
| 15:10 | Queue | Villager (Male) |
| 15:46 | Build | Town Center |
| 15:50 | Research | Bow Saw |
| 16:01 | Build | Farm |
| 16:24 | Build | Farm |
| 16:29 | Queue | Villager (Male) |
| 16:34 | Queue | Villager (Male) |
| 16:39 | Build | Farm |
| 16:45 | Queue | Villager (Male) |
| 16:45 | Queue | Villager (Male) |
| 16:52 | Build | Farm |
| 17:00 | Queue | Villager (Male) |
| 17:02 | Build | Farm |
| 17:05 | Build | Farm |
| 17:14 | Queue | Villager (Male) |
| 17:15 | Queue | Villager (Male) |
| 17:34 | Queue | Villager (Male) |
| 17:35 | Queue | Villager (Male) |
| 17:51 | Build | Town Center |
| 17:54 | Queue | Villager (Male) |
| 17:57 | Build | Farm |
| 18:00 | Queue | Villager (Male) |
| 18:10 | Build | Farm |
| 18:12 | Build | Farm |
| 18:15 | Queue | Villager (Male) |
| 18:16 | Queue | Villager (Male) |
| 18:29 | Queue | Villager (Male) |
| 18:33 | Build | Farm |
| 18:36 | Build | Farm |
| 18:39 | Queue | Villager (Male) |
| 18:52 | Queue | Villager (Male) |
| 18:54 | Build | House |
| 18:55 | Build | House |
| 19:05 | Research | Loom |
| 19:05 | Queue | Villager (Male) |
| 19:08 | Queue | Villager (Male) |
| 19:14 | Build | Farm |
| 19:15 | Build | Farm |
| 19:22 | Queue | Villager (Male) |
| 19:24 | Build | House |
| 19:26 | Build | House |
| 19:28 | Build | House |
| 19:29 | Build | House |
| 19:31 | Queue | Villager (Male) |
| 19:39 | Queue | Villager (Male) |
| 19:39 | Queue | Villager (Male) |
| 19:44 | Queue | Villager (Male) |
| 19:44 | Queue | Villager (Male) |
| 19:57 | Build | Farm |
| 19:58 | Build | Farm |
| 19:59 | Build | Farm |
| 20:03 | Queue | Villager (Male) |
| 20:03 | Queue | Villager (Male) |
| 20:03 | Queue | Villager (Male) |
| 20:09 | Build | Farm |
| 20:11 | Build | Farm |
| 20:13 | Build | Farm |
| 20:16 | Queue | Villager (Male) |
| 20:19 | Queue | Villager (Male) |
| 20:26 | Queue | Villager (Male) |
| 20:32 | Build | Farm |
| 20:33 | Build | Farm |
| 20:37 | Queue | Villager (Male) |
| 20:41 | Build | Farm |
| 20:45 | Queue | Villager (Male) |
| 20:45 | Queue | Villager (Male) |
| 20:50 | Build | Farm |
| 20:53 | Queue | Villager (Male) |
| 20:54 | Queue | Villager (Male) |
| 21:03 | Queue | Villager (Male) |
| 21:12 | Queue | Villager (Male) |
| 21:13 | Queue | Villager (Male) |
| 21:13 | Queue | Villager (Male) |
| 21:29 | Queue | Villager (Male) |
| 21:29 | Queue | Villager (Male) |
| 21:30 | Queue | Villager (Male) |
| 21:30 | Queue | Villager (Male) |
| 21:38 | Build | Monastery |
| 21:49 | Research | Hand Cart |
| 21:49 | Research | Hand Cart |
| 21:59 | Build | Mill |
| 22:01 | Build | Farm |
| 22:02 | Build | Farm |
| 22:02 | Build | Farm |
| 22:02 | Build | Farm |
| 22:03 | Build | Farm |
| 22:03 | Build | Farm |
| 22:04 | Build | Farm |
| 22:05 | Build | Farm |
Build order — 经典不变的回忆 | memory
First 150 of 486 actions detected
| 0:03 | Queue | Villager (Male) |
| 0:03 | Queue | Villager (Male) |
| 0:03 | Queue | Villager (Male) |
| 0:05 | Build | House |
| 0:07 | Build | House |
| 0:58 | Queue | Villager (Male) |
| 0:58 | Queue | Villager (Male) |
| 0:59 | Queue | Villager (Male) |
| 1:44 | Queue | Villager (Male) |
| 1:44 | Queue | Villager (Male) |
| 1:44 | Queue | Villager (Male) |
| 1:48 | Build | Lumber Camp |
| 2:05 | Queue | Villager (Male) |
| 2:05 | Queue | Villager (Male) |
| 2:05 | Queue | Villager (Male) |
| 2:19 | Queue | Villager (Male) |
| 2:19 | Queue | Villager (Male) |
| 3:00 | Queue | Villager (Male) |
| 3:00 | Queue | Villager (Male) |
| 3:01 | Queue | Villager (Male) |
| 3:01 | Queue | Villager (Male) |
| 3:22 | Build | House |
| 3:23 | Build | House |
| 3:45 | Build | Mill |
| 3:52 | Queue | Villager (Male) |
| 3:52 | Queue | Villager (Male) |
| 3:52 | Queue | Villager (Male) |
| 4:52 | Queue | Villager (Male) |
| 4:52 | Queue | Villager (Male) |
| 5:00 | Queue | Villager (Male) |
| 5:00 | Queue | Villager (Male) |
| 5:00 | Queue | Villager (Male) |
| 5:01 | Queue | Villager (Male) |
| 5:16 | Queue | Villager (Male) |
| 5:50 | Build | Lumber Camp |
| 5:58 | Queue | Villager (Male) |
| 5:58 | Queue | Villager (Male) |
| 5:58 | Queue | Villager (Male) |
| 6:19 | Queue | Villager (Male) |
| 6:20 | Queue | Villager (Male) |
| 6:20 | Queue | Villager (Male) |
| 6:20 | Queue | Villager (Male) |
| 7:01 | Queue | Villager (Male) |
| 7:24 | Build | House |
| 7:43 | Queue | Villager (Male) |
| 8:16 | Build | Farm |
| 8:17 | Build | Farm |
| 8:19 | Build | Farm |
| 8:22 | Build | Mining Camp |
| 8:26 | Research | Feudal Age |
| 8:30 | Build | Farm |
| 9:30 | Queue | Villager (Male) |
| 9:30 | Queue | Villager (Male) |
| 9:41 | Build | Farm |
| 10:30 | Age | Feudal Age |
| 10:33 | Build | Market |
| 10:34 | Build | Blacksmith |
| 11:20 | Research | Castle Age |
| 11:43 | Research | Double-Bit Axe |
| 12:08 | Research | Horse Collar |
| 13:35 | Queue | Villager (Male) |
| 13:46 | Age | Castle Age |
| 13:47 | Build | Town Center |
| 13:58 | Queue | Villager (Male) |
| 14:01 | Research | Bow Saw |
| 14:12 | Queue | Villager (Male) |
| 14:24 | Build | Town Center |
| 14:42 | Build | Farm |
| 14:42 | Queue | Villager (Male) |
| 14:55 | Queue | Villager (Male) |
| 15:09 | Build | Farm |
| 15:22 | Build | House |
| 15:30 | Queue | Villager (Male) |
| 15:31 | Queue | Villager (Male) |
| 15:31 | Queue | Villager (Male) |
| 15:44 | Build | Farm |
| 15:46 | Queue | Villager (Male) |
| 15:46 | Queue | Villager (Male) |
| 15:47 | Queue | Villager (Male) |
| 15:47 | Queue | Villager (Male) |
| 16:00 | Queue | Villager (Male) |
| 16:00 | Queue | Villager (Male) |
| 16:01 | Queue | Villager (Male) |
| 16:01 | Queue | Villager (Male) |
| 16:05 | Queue | Villager (Male) |
| 16:05 | Queue | Villager (Male) |
| 16:05 | Queue | Villager (Male) |
| 16:17 | Build | Farm |
| 16:20 | Build | Farm |
| 16:28 | Research | Loom |
| 16:28 | Research | Loom |
| 16:30 | Build | Farm |
| 16:36 | Build | Farm |
| 16:39 | Queue | Villager (Male) |
| 16:39 | Queue | Villager (Male) |
| 16:39 | Queue | Villager (Male) |
| 16:39 | Queue | Villager (Male) |
| 16:43 | Build | Farm |
| 16:52 | Build | Farm |
| 17:00 | Queue | Villager (Male) |
| 17:01 | Queue | Villager (Male) |
| 17:01 | Queue | Villager (Male) |
| 17:04 | Build | House |
| 17:16 | Build | House |
| 17:18 | Build | Farm |
| 17:21 | Build | Farm |
| 17:22 | Queue | Villager (Male) |
| 17:23 | Queue | Villager (Male) |
| 17:23 | Queue | Villager (Male) |
| 17:30 | Queue | Villager (Male) |
| 17:31 | Queue | Villager (Male) |
| 17:36 | Queue | Villager (Male) |
| 17:36 | Queue | Villager (Male) |
| 17:47 | Build | House |
| 17:49 | Build | House |
| 17:49 | Build | House |
| 17:51 | Queue | Villager (Male) |
| 17:51 | Queue | Villager (Male) |
| 17:51 | Queue | Villager (Male) |
| 18:05 | Queue | Villager (Male) |
| 18:05 | Queue | Villager (Male) |
| 18:05 | Queue | Villager (Male) |
| 18:16 | Build | Town Center |
| 18:19 | Queue | Villager (Male) |
| 18:19 | Queue | Villager (Male) |
| 18:19 | Queue | Villager (Male) |
| 18:19 | Queue | Villager (Male) |
| 18:35 | Build | Monastery |
| 18:38 | Queue | Villager (Male) |
| 18:38 | Queue | Villager (Male) |
| 18:40 | Queue | Villager (Male) |
| 18:40 | Queue | Villager (Male) |
| 18:41 | Queue | Villager (Male) |
| 18:43 | Build | House |
| 18:48 | Build | Farm |
| 18:51 | Build | Farm |
| 18:51 | Queue | Villager (Male) |
| 18:51 | Queue | Villager (Male) |
| 18:55 | Build | Farm |
| 18:57 | Queue | Villager (Male) |
| 19:10 | Build | Farm |
| 19:11 | Build | Farm |
| 19:13 | Build | Farm |
| 19:14 | Queue | Villager (Male) |
| 19:14 | Queue | Villager (Male) |
| 19:18 | Build | Farm |
| 19:19 | Queue | Monk |
| 19:24 | Queue | Villager (Male) |
| 19:24 | Queue | Villager (Male) |
| 19:33 | Build | Farm |
Build order — 奶糖美少女
First 150 of 414 actions detected
| 0:01 | Queue | Villager (Male) |
| 0:01 | Queue | Villager (Male) |
| 0:03 | Build | House |
| 0:04 | Build | House |
| 0:16 | Queue | Villager (Male) |
| 0:16 | Queue | Villager (Male) |
| 1:32 | Queue | Villager (Male) |
| 1:32 | Queue | Villager (Male) |
| 2:04 | Queue | Villager (Male) |
| 2:05 | Queue | Villager (Male) |
| 2:07 | Build | Lumber Camp |
| 2:21 | Queue | Villager (Male) |
| 2:41 | Queue | Villager (Male) |
| 2:41 | Queue | Villager (Male) |
| 3:09 | Queue | Villager (Male) |
| 3:10 | Queue | Villager (Male) |
| 3:32 | Build | House |
| 3:33 | Build | House |
| 3:34 | Build | House |
| 3:40 | Build | House |
| 3:46 | Queue | Villager (Male) |
| 3:46 | Queue | Villager (Male) |
| 4:05 | Build | Mill |
| 4:19 | Queue | Villager (Male) |
| 4:20 | Queue | Villager (Male) |
| 4:55 | Build | House |
| 4:56 | Build | House |
| 5:14 | Queue | Villager (Male) |
| 5:14 | Queue | Villager (Male) |
| 5:26 | Queue | Villager (Male) |
| 5:26 | Queue | Villager (Male) |
| 5:47 | Queue | Villager (Male) |
| 5:48 | Queue | Villager (Male) |
| 5:57 | Build | Lumber Camp |
| 6:01 | Queue | Villager (Male) |
| 6:49 | Queue | Villager (Male) |
| 6:52 | Build | Farm |
| 7:50 | Build | Farm |
| 8:12 | Queue | Villager (Male) |
| 8:15 | Build | Mining Camp |
| 8:34 | Queue | Villager (Male) |
| 8:39 | Research | Feudal Age |
| 8:39 | Research | Feudal Age |
| 10:54 | Queue | Villager (Male) |
| 10:54 | Queue | Villager (Male) |
| 11:13 | Age | Feudal Age |
| 11:14 | Queue | Villager (Male) |
| 11:16 | Build | Market |
| 11:18 | Build | Blacksmith |
| 12:05 | Research | Castle Age |
| 12:05 | Research | Castle Age |
| 12:21 | Research | Horse Collar |
| 12:39 | Research | Double-Bit Axe |
| 12:39 | Research | Double-Bit Axe |
| 12:46 | Build | House |
| 13:07 | Build | Palisade Wall |
| 13:09 | Build | Palisade Wall |
| 13:10 | Build | Palisade Wall |
| 14:03 | Build | Farm |
| 14:06 | Build | Farm |
| 14:37 | Queue | Villager (Male) |
| 14:37 | Queue | Villager (Male) |
| 14:45 | Age | Castle Age |
| 14:47 | Build | Town Center |
| 14:49 | Build | Palisade Wall |
| 14:53 | Research | Bow Saw |
| 15:02 | Build | Town Center |
| 15:11 | Build | Palisade Wall |
| 15:23 | Queue | Villager (Male) |
| 15:30 | Build | Farm |
| 15:54 | Queue | Villager (Male) |
| 15:55 | Queue | Villager (Male) |
| 15:56 | Queue | Villager (Male) |
| 16:06 | Queue | Villager (Male) |
| 16:06 | Queue | Villager (Male) |
| 16:06 | Queue | Villager (Male) |
| 16:10 | Queue | Villager (Male) |
| 16:10 | Queue | Villager (Male) |
| 16:13 | Build | Farm |
| 16:17 | Queue | Villager (Male) |
| 16:20 | Build | Farm |
| 16:21 | Build | Farm |
| 16:35 | Queue | Villager (Male) |
| 16:42 | Build | Farm |
| 16:44 | Queue | Villager (Male) |
| 16:55 | Build | Farm |
| 16:56 | Queue | Villager (Male) |
| 16:56 | Queue | Villager (Male) |
| 16:57 | Research | Loom |
| 17:02 | Build | Farm |
| 17:05 | Build | Farm |
| 17:12 | Build | Farm |
| 17:14 | Queue | Villager (Male) |
| 17:14 | Queue | Villager (Male) |
| 17:20 | Queue | Villager (Male) |
| 17:20 | Queue | Villager (Male) |
| 17:22 | Build | Farm |
| 17:27 | Build | Farm |
| 17:38 | Queue | Villager (Male) |
| 17:43 | Build | Farm |
| 17:47 | Build | Farm |
| 17:50 | Queue | Villager (Male) |
| 17:55 | Queue | Villager (Male) |
| 17:55 | Queue | Villager (Male) |
| 17:57 | Build | Farm |
| 18:00 | Queue | Villager (Male) |
| 18:13 | Queue | Villager (Male) |
| 18:13 | Queue | Villager (Male) |
| 18:15 | Build | Farm |
| 18:21 | Build | Farm |
| 18:22 | Queue | Villager (Male) |
| 18:27 | Queue | Villager (Male) |
| 18:36 | Build | House |
| 18:42 | Build | Town Center |
| 18:46 | Queue | Villager (Male) |
| 18:47 | Queue | Villager (Male) |
| 18:58 | Queue | Villager (Male) |
| 19:06 | Build | House |
| 19:08 | Build | House |
| 19:09 | Queue | Villager (Male) |
| 19:09 | Queue | Villager (Male) |
| 19:14 | Queue | Villager (Male) |
| 19:22 | Build | Farm |
| 19:24 | Build | Farm |
| 19:29 | Queue | Villager (Male) |
| 19:29 | Queue | Villager (Male) |
| 19:34 | Build | Farm |
| 19:35 | Build | Farm |
| 19:37 | Build | Farm |
| 19:37 | Build | Farm |
| 19:40 | Queue | Villager (Male) |
| 19:40 | Queue | Villager (Male) |
| 19:40 | Queue | Villager (Male) |
| 19:44 | Build | House |
| 19:59 | Queue | Villager (Male) |
| 19:59 | Queue | Villager (Male) |
| 20:04 | Build | Farm |
| 20:06 | Build | Farm |
| 20:12 | Queue | Villager (Male) |
| 20:12 | Queue | Villager (Male) |
| 20:12 | Queue | Villager (Male) |
| 20:17 | Queue | Villager (Male) |
| 20:17 | Research | Loom |
| 20:22 | Build | Farm |
| 20:25 | Build | Farm |
| 20:27 | Queue | Villager (Male) |
| 20:32 | Build | Farm |
| 20:35 | Queue | Villager (Male) |
| 20:35 | Queue | Villager (Male) |
| 20:46 | Queue | Villager (Male) |
Build order — Mr_oY
First 150 of 483 actions detected
| 0:01 | Queue | Villager (Male) |
| 0:01 | Queue | Villager (Male) |
| 0:02 | Build | House |
| 0:03 | Build | House |
| 0:26 | Queue | Villager (Male) |
| 0:26 | Queue | Villager (Male) |
| 0:27 | Queue | Villager (Male) |
| 0:27 | Queue | Villager (Male) |
| 1:21 | Build | Lumber Camp |
| 1:24 | Queue | Villager (Male) |
| 1:25 | Queue | Villager (Male) |
| 1:51 | Queue | Villager (Male) |
| 1:51 | Queue | Villager (Male) |
| 2:42 | Queue | Villager (Male) |
| 2:42 | Queue | Villager (Male) |
| 3:06 | Queue | Villager (Male) |
| 3:06 | Queue | Villager (Male) |
| 3:27 | Queue | Villager (Male) |
| 3:28 | Queue | Villager (Male) |
| 3:49 | Queue | Villager (Male) |
| 4:21 | Queue | Villager (Male) |
| 4:21 | Queue | Villager (Male) |
| 4:26 | Build | House |
| 4:28 | Research | Loom |
| 4:46 | Queue | Villager (Male) |
| 4:47 | Queue | Villager (Male) |
| 4:47 | Queue | Villager (Male) |
| 5:11 | Build | Mill |
| 5:16 | Build | Mill |
| 5:19 | Build | Mill |
| 5:21 | Queue | Villager (Male) |
| 5:52 | Build | House |
| 6:04 | Queue | Villager (Male) |
| 6:20 | Queue | Villager (Male) |
| 6:51 | Queue | Villager (Male) |
| 7:27 | Build | House |
| 7:35 | Build | Dock |
| 7:40 | Queue | Villager (Male) |
| 8:07 | Research | Feudal Age |
| 8:07 | Research | Feudal Age |
| 8:23 | Queue | Fishing Ship |
| 9:48 | Queue | Villager (Male) |
| 9:51 | Queue | Fishing Ship |
| 10:11 | Age | Feudal Age |
| 10:15 | Build | Market |
| 10:19 | Build | Market |
| 10:24 | Build | Blacksmith |
| 10:28 | Queue | Villager (Male) |
| 11:09 | Research | Castle Age |
| 11:09 | Research | Castle Age |
| 11:32 | Queue | Fishing Ship |
| 12:09 | Research | Horse Collar |
| 12:09 | Research | Double-Bit Axe |
| 12:30 | Build | House |
| 12:34 | Queue | Fishing Ship |
| 13:32 | Queue | Villager (Male) |
| 13:34 | Age | Castle Age |
| 13:35 | Build | Town Center |
| 13:51 | Queue | Villager (Male) |
| 13:59 | Queue | Villager (Male) |
| 14:08 | Build | Town Center |
| 14:16 | Queue | Fishing Ship |
| 14:16 | Queue | Fishing Ship |
| 14:23 | Queue | Villager (Male) |
| 14:48 | Queue | Villager (Male) |
| 14:50 | Build | Farm |
| 14:52 | Build | Farm |
| 15:02 | Build | Farm |
| 15:03 | Build | Farm |
| 15:04 | Queue | Villager (Male) |
| 15:04 | Queue | Villager (Male) |
| 15:11 | Queue | Villager (Male) |
| 15:24 | Queue | Villager (Male) |
| 15:25 | Queue | Villager (Male) |
| 15:26 | Queue | Villager (Male) |
| 15:30 | Build | Farm |
| 15:33 | Build | Farm |
| 15:38 | Build | Farm |
| 15:41 | Queue | Villager (Male) |
| 15:43 | Queue | Villager (Male) |
| 15:54 | Build | Farm |
| 16:01 | Build | Farm |
| 16:02 | Queue | Villager (Male) |
| 16:03 | Queue | Villager (Male) |
| 16:15 | Queue | Villager (Male) |
| 16:16 | Queue | Villager (Male) |
| 16:17 | Build | House |
| 16:27 | Queue | Villager (Male) |
| 16:27 | Queue | Villager (Male) |
| 16:38 | Build | Farm |
| 16:39 | Build | Farm |
| 16:45 | Build | Farm |
| 16:46 | Build | Farm |
| 16:46 | Build | Farm |
| 16:48 | Queue | Villager (Male) |
| 16:48 | Queue | Villager (Male) |
| 16:53 | Queue | Villager (Male) |
| 16:53 | Queue | Villager (Male) |
| 16:57 | Build | Farm |
| 17:06 | Build | Farm |
| 17:07 | Queue | Villager (Male) |
| 17:07 | Queue | Villager (Male) |
| 17:20 | Queue | Villager (Male) |
| 17:20 | Queue | Villager (Male) |
| 17:24 | Build | Farm |
| 17:26 | Queue | Villager (Male) |
| 17:26 | Queue | Villager (Male) |
| 17:29 | Build | House |
| 17:34 | Queue | Villager (Male) |
| 17:35 | Queue | Villager (Male) |
| 17:49 | Queue | Villager (Male) |
| 17:50 | Queue | Villager (Male) |
| 17:50 | Queue | Villager (Male) |
| 17:54 | Queue | Villager (Male) |
| 17:56 | Build | Farm |
| 17:58 | Build | Farm |
| 17:59 | Build | Farm |
| 18:06 | Queue | Villager (Male) |
| 18:06 | Queue | Villager (Male) |
| 18:10 | Queue | Villager (Male) |
| 18:10 | Queue | Villager (Male) |
| 18:11 | Build | Farm |
| 18:12 | Build | Farm |
| 18:20 | Queue | Villager (Male) |
| 18:24 | Build | House |
| 18:30 | Research | Wheelbarrow |
| 18:31 | Research | Wheelbarrow |
| 18:40 | Build | Farm |
| 18:40 | Queue | Villager (Male) |
| 18:41 | Queue | Villager (Male) |
| 18:46 | Build | House |
| 18:47 | Build | House |
| 18:57 | Queue | Villager (Male) |
| 18:57 | Queue | Villager (Male) |
| 18:58 | Queue | Villager (Male) |
| 19:01 | Queue | Villager (Male) |
| 19:02 | Queue | Villager (Male) |
| 19:20 | Queue | Villager (Male) |
| 19:29 | Build | Town Center |
| 19:33 | Queue | Villager (Male) |
| 19:42 | Queue | Villager (Male) |
| 19:42 | Queue | Villager (Male) |
| 19:54 | Build | House |
| 19:54 | Build | House |
| 19:55 | Queue | Villager (Male) |
| 19:56 | Queue | Villager (Male) |
| 19:58 | Queue | Villager (Male) |
| 19:58 | Queue | Villager (Male) |
| 20:09 | Build | Lumber Camp |
| 20:14 | Queue | Villager (Male) |
Build order — EDM KamBá
First 150 of 292 actions detected
| 0:02 | Queue | Villager (Male) |
| 0:02 | Queue | Villager (Male) |
| 0:04 | Build | House |
| 0:07 | Build | House |
| 0:13 | Queue | Villager (Male) |
| 0:13 | Queue | Villager (Male) |
| 0:14 | Queue | Villager (Male) |
| 1:27 | Queue | Villager (Male) |
| 2:00 | Queue | Villager (Male) |
| 2:01 | Queue | Villager (Male) |
| 2:11 | Queue | Villager (Male) |
| 2:14 | Build | Lumber Camp |
| 2:33 | Queue | Villager (Male) |
| 2:33 | Queue | Villager (Male) |
| 3:20 | Queue | Villager (Male) |
| 3:26 | Queue | Villager (Male) |
| 3:26 | Queue | Villager (Male) |
| 3:29 | Build | House |
| 3:30 | Build | House |
| 4:03 | Build | Mill |
| 4:10 | Queue | Villager (Male) |
| 4:12 | Build | House |
| 4:36 | Queue | Villager (Male) |
| 4:54 | Queue | Villager (Male) |
| 5:20 | Queue | Villager (Male) |
| 5:48 | Queue | Villager (Male) |
| 6:05 | Queue | Villager (Male) |
| 6:38 | Queue | Villager (Male) |
| 7:02 | Queue | Villager (Male) |
| 7:23 | Queue | Villager (Male) |
| 7:44 | Queue | Villager (Male) |
| 8:00 | Build | Mining Camp |
| 8:07 | Build | House |
| 8:27 | Research | Feudal Age |
| 8:40 | Build | Mining Camp |
| 9:29 | Build | Farm |
| 9:46 | Queue | Villager (Male) |
| 10:06 | Build | Farm |
| 10:37 | Age | Feudal Age |
| 10:42 | Queue | Villager (Male) |
| 10:44 | Build | Market |
| 10:46 | Build | Blacksmith |
| 11:44 | Research | Castle Age |
| 12:16 | Research | Double-Bit Axe |
| 12:23 | Build | House |
| 12:24 | Build | House |
| 12:54 | Research | Loom |
| 13:27 | Research | Horse Collar |
| 14:20 | Queue | Villager (Male) |
| 14:24 | Age | Castle Age |
| 14:36 | Build | Farm |
| 14:37 | Build | Farm |
| 14:40 | Build | Farm |
| 14:41 | Queue | Villager (Male) |
| 15:10 | Queue | Villager (Male) |
| 15:38 | Queue | Villager (Male) |
| 15:58 | Build | Town Center |
| 16:01 | Queue | Villager (Male) |
| 16:22 | Build | Farm |
| 16:26 | Build | Farm |
| 16:30 | Queue | Villager (Male) |
| 16:53 | Queue | Villager (Male) |
| 16:56 | Queue | Villager (Male) |
| 17:26 | Build | Castle |
| 17:28 | Build | Farm |
| 17:28 | Build | Farm |
| 17:28 | Build | Farm |
| 17:29 | Build | Farm |
| 17:29 | Build | Farm |
| 17:30 | Queue | Villager (Male) |
| 17:31 | Queue | Villager (Male) |
| 17:53 | Build | Farm |
| 18:02 | Queue | Villager (Male) |
| 18:10 | Build | Farm |
| 18:11 | Queue | Villager (Male) |
| 18:23 | Queue | Villager (Male) |
| 18:27 | Build | Farm |
| 18:30 | Queue | Villager (Male) |
| 18:40 | Queue | Organ Gun |
| 18:40 | Queue | Organ Gun |
| 18:42 | Queue | Villager (Male) |
| 18:49 | Queue | Villager (Male) |
| 18:55 | Queue | Villager (Male) |
| 18:59 | Queue | Villager (Male) |
| 19:02 | Queue | Villager (Male) |
| 19:08 | Build | Farm |
| 19:22 | Queue | Organ Gun |
| 19:22 | Queue | Organ Gun |
| 19:37 | Build | Farm |
| 19:54 | Queue | Villager (Male) |
| 19:54 | Queue | Organ Gun |
| 20:09 | Build | House |
| 20:09 | Build | House |
| 20:12 | Queue | Villager (Male) |
| 20:20 | Queue | Organ Gun |
| 20:21 | Queue | Villager (Male) |
| 20:36 | Queue | Organ Gun |
| 20:37 | Queue | Villager (Male) |
| 20:39 | Build | Farm |
| 20:43 | Queue | Villager (Male) |
| 20:53 | Build | Farm |
| 21:00 | Build | Farm |
| 21:02 | Queue | Villager (Male) |
| 21:06 | Queue | Villager (Male) |
| 21:08 | Queue | Organ Gun |
| 21:24 | Build | Farm |
| 21:32 | Queue | Organ Gun |
| 21:35 | Queue | Villager (Male) |
| 21:38 | Build | Farm |
| 21:40 | Queue | Villager (Male) |
| 21:49 | Queue | Organ Gun |
| 21:49 | Queue | Organ Gun |
| 21:56 | Queue | Villager (Male) |
| 22:08 | Build | Farm |
| 22:18 | Queue | Villager (Male) |
| 22:29 | Build | Farm |
| 22:29 | Build | Farm |
| 22:30 | Build | Farm |
| 22:30 | Build | Farm |
| 22:33 | Queue | Villager (Male) |
| 22:34 | Queue | Organ Gun |
| 22:35 | Queue | Organ Gun |
| 22:43 | Build | Farm |
| 22:47 | Queue | Villager (Male) |
| 22:51 | Build | Farm |
| 23:06 | Research | Wheelbarrow |
| 23:07 | Research | Wheelbarrow |
| 23:08 | Queue | Villager (Male) |
| 23:23 | Build | Lumber Camp |
| 24:10 | Research | Imperial Age |
| 24:11 | Queue | Villager (Male) |
| 24:11 | Queue | Villager (Male) |
| 24:11 | Queue | Villager (Male) |
| 24:29 | Build | House |
| 24:34 | Queue | Villager (Male) |
| 24:41 | Queue | Organ Gun |
| 24:41 | Queue | Organ Gun |
| 25:02 | Queue | Villager (Male) |
| 25:13 | Build | Stone Wall |
| 25:17 | Build | House |
| 25:20 | Queue | Organ Gun |
| 25:20 | Queue | Organ Gun |
| 25:23 | Research | Bow Saw |
| 25:24 | Research | Bow Saw |
| 25:50 | Queue | Villager (Male) |
| 25:51 | Research | Gold Mining |
| 26:02 | Queue | Villager (Male) |
| 26:33 | Build | House |
| 26:33 | Build | House |
| 26:34 | Build | House |
Build order — TL_旋律
First 150 of 352 actions detected
| 0:01 | Queue | Villager (Male) |
| 0:02 | Build | House |
| 0:03 | Build | House |
| 0:06 | Queue | Villager (Male) |
| 0:15 | Queue | Villager (Male) |
| 0:20 | Queue | Villager (Male) |
| 1:16 | Queue | Villager (Male) |
| 1:48 | Build | Lumber Camp |
| 1:51 | Queue | Villager (Male) |
| 2:22 | Queue | Villager (Male) |
| 2:43 | Queue | Villager (Male) |
| 3:05 | Queue | Villager (Male) |
| 3:34 | Queue | Villager (Male) |
| 3:50 | Build | House |
| 3:54 | Queue | Villager (Male) |
| 4:03 | Queue | Villager (Male) |
| 4:21 | Build | Mill |
| 4:27 | Queue | Villager (Male) |
| 4:27 | Queue | Villager (Male) |
| 5:02 | Queue | Villager (Male) |
| 5:25 | Build | House |
| 5:43 | Queue | Villager (Male) |
| 6:10 | Queue | Villager (Male) |
| 6:47 | Queue | Villager (Male) |
| 7:13 | Build | Mining Camp |
| 7:24 | Research | Feudal Age |
| 7:45 | Queue | Villager (Male) |
| 8:13 | Queue | Villager (Male) |
| 9:41 | Age | Feudal Age |
| 9:43 | Build | Market |
| 9:46 | Build | Blacksmith |
| 10:31 | Research | Castle Age |
| 10:51 | Research | Double-Bit Axe |
| 11:13 | Queue | Villager (Male) |
| 12:16 | Queue | Villager (Male) |
| 13:11 | Age | Castle Age |
| 13:13 | Build | Town Center |
| 13:15 | Build | Town Center |
| 13:17 | Research | Bow Saw |
| 13:39 | Research | Wheelbarrow |
| 13:40 | Build | House |
| 13:46 | Queue | Villager (Male) |
| 13:53 | Build | Farm |
| 14:18 | Build | Farm |
| 14:32 | Queue | Villager (Male) |
| 14:37 | Queue | Villager (Male) |
| 14:38 | Build | Farm |
| 14:40 | Queue | Villager (Male) |
| 14:43 | Queue | Villager (Male) |
| 14:51 | Build | Farm |
| 14:59 | Queue | Villager (Male) |
| 15:00 | Queue | Villager (Male) |
| 15:05 | Build | Farm |
| 15:12 | Queue | Villager (Male) |
| 15:14 | Build | Farm |
| 15:17 | Build | Farm |
| 15:27 | Build | Farm |
| 15:31 | Queue | Villager (Male) |
| 15:31 | Queue | Villager (Male) |
| 15:34 | Build | Farm |
| 15:38 | Build | Farm |
| 15:46 | Build | Farm |
| 15:54 | Queue | Villager (Male) |
| 15:56 | Build | Farm |
| 16:00 | Build | Farm |
| 16:04 | Build | Farm |
| 16:10 | Queue | Villager (Male) |
| 16:13 | Build | Farm |
| 16:17 | Build | House |
| 16:22 | Queue | Villager (Male) |
| 16:22 | Queue | Villager (Male) |
| 16:28 | Build | Farm |
| 16:33 | Queue | Villager (Male) |
| 16:35 | Build | Farm |
| 16:41 | Build | Farm |
| 16:43 | Queue | Villager (Male) |
| 16:43 | Queue | Villager (Male) |
| 16:53 | Build | Farm |
| 16:56 | Queue | Villager (Male) |
| 16:57 | Queue | Villager (Male) |
| 16:59 | Queue | Villager (Male) |
| 16:59 | Queue | Villager (Male) |
| 17:04 | Build | Farm |
| 17:10 | Queue | Villager (Male) |
| 17:10 | Queue | Villager (Male) |
| 17:11 | Build | Farm |
| 17:16 | Build | Farm |
| 17:22 | Queue | Villager (Male) |
| 17:22 | Queue | Villager (Male) |
| 17:29 | Queue | Villager (Male) |
| 17:30 | Queue | Villager (Male) |
| 17:32 | Build | House |
| 17:34 | Queue | Villager (Male) |
| 17:35 | Queue | Villager (Male) |
| 17:37 | Queue | Villager (Male) |
| 17:37 | Queue | Villager (Male) |
| 17:42 | Queue | Villager (Male) |
| 17:53 | Build | House |
| 17:54 | Queue | Villager (Male) |
| 17:55 | Queue | Villager (Male) |
| 18:02 | Queue | Villager (Male) |
| 18:02 | Queue | Villager (Male) |
| 18:08 | Build | Town Center |
| 18:10 | Queue | Villager (Male) |
| 18:10 | Queue | Villager (Male) |
| 18:18 | Build | House |
| 18:19 | Build | House |
| 18:20 | Queue | Villager (Male) |
| 18:23 | Build | Farm |
| 18:27 | Queue | Villager (Male) |
| 18:29 | Build | Farm |
| 18:35 | Queue | Villager (Male) |
| 18:35 | Queue | Villager (Male) |
| 18:50 | Build | Lumber Camp |
| 18:52 | Queue | Villager (Male) |
| 18:55 | Queue | Villager (Male) |
| 19:05 | Build | Farm |
| 19:11 | Build | House |
| 19:17 | Queue | Villager (Male) |
| 19:17 | Queue | Villager (Male) |
| 19:21 | Build | Farm |
| 19:22 | Queue | Villager (Male) |
| 19:23 | Build | Farm |
| 19:24 | Queue | Villager (Male) |
| 19:32 | Queue | Villager (Male) |
| 19:40 | Build | House |
| 19:41 | Build | House |
| 19:44 | Queue | Villager (Male) |
| 19:45 | Build | Farm |
| 19:48 | Queue | Villager (Male) |
| 19:50 | Queue | Villager (Male) |
| 19:55 | Queue | Villager (Male) |
| 19:57 | Build | Farm |
| 20:03 | Build | Farm |
| 20:10 | Queue | Villager (Male) |
| 20:14 | Build | Farm |
| 20:14 | Queue | Villager (Male) |
| 20:15 | Build | Farm |
| 20:16 | Queue | Villager (Male) |
| 20:18 | Build | Farm |
| 20:21 | Build | Farm |
| 20:23 | Build | Farm |
| 20:27 | Queue | Villager (Male) |
| 20:32 | Build | House |
| 20:33 | Build | House |
| 20:35 | Build | House |
| 20:37 | Queue | Villager (Male) |
| 20:52 | Queue | Villager (Male) |
| 20:56 | Build | Farm |
| 20:57 | Build | Farm |
Build order — FMG | Sawasha Takohida
First 150 of 366 actions detected
| 0:02 | Queue | Villager (Male) |
| 0:02 | Queue | Villager (Male) |
| 0:02 | Queue | Villager (Male) |
| 0:02 | Queue | Villager (Male) |
| 0:04 | Build | House |
| 0:05 | Build | House |
| 1:16 | Queue | Villager (Male) |
| 1:17 | Queue | Villager (Male) |
| 1:45 | Queue | Villager (Male) |
| 1:45 | Queue | Villager (Male) |
| 1:45 | Queue | Villager (Male) |
| 2:08 | Build | Lumber Camp |
| 2:27 | Queue | Villager (Male) |
| 2:27 | Queue | Villager (Male) |
| 2:47 | Queue | Villager (Male) |
| 3:07 | Build | House |
| 3:10 | Queue | Villager (Male) |
| 3:12 | Queue | Villager (Male) |
| 3:13 | Queue | Villager (Male) |
| 4:07 | Queue | Villager (Male) |
| 4:07 | Queue | Villager (Male) |
| 4:09 | Queue | Villager (Male) |
| 4:55 | Queue | Villager (Male) |
| 4:55 | Queue | Villager (Male) |
| 5:01 | Build | Mill |
| 5:29 | Queue | Villager (Male) |
| 5:30 | Queue | Villager (Male) |
| 5:30 | Queue | Villager (Male) |
| 5:51 | Queue | Villager (Male) |
| 6:05 | Build | House |
| 6:10 | Queue | Villager (Male) |
| 6:39 | Queue | Villager (Male) |
| 7:14 | Build | Mining Camp |
| 7:45 | Research | Feudal Age |
| 7:46 | Research | Feudal Age |
| 9:04 | Queue | Villager (Male) |
| 9:08 | Build | House |
| 10:07 | Age | Feudal Age |
| 10:14 | Build | Market |
| 10:17 | Build | Blacksmith |
| 10:19 | Queue | Villager (Male) |
| 10:45 | Build | Mining Camp |
| 11:06 | Research | Castle Age |
| 11:06 | Research | Castle Age |
| 11:18 | Research | Double-Bit Axe |
| 11:32 | Queue | Villager (Male) |
| 12:15 | Research | Gold Mining |
| 12:20 | Research | Horse Collar |
| 12:44 | Research | Loom |
| 12:54 | Build | House |
| 13:46 | Age | Castle Age |
| 13:49 | Queue | Villager (Male) |
| 13:57 | Build | Town Center |
| 13:59 | Queue | Villager (Male) |
| 14:19 | Build | Palisade Gate |
| 14:29 | Queue | Villager (Male) |
| 15:07 | Queue | Villager (Male) |
| 15:18 | Build | Farm |
| 15:20 | Build | Farm |
| 15:22 | Research | Bow Saw |
| 15:24 | Queue | Villager (Male) |
| 15:26 | Build | Farm |
| 15:30 | Build | Farm |
| 15:54 | Build | Farm |
| 16:08 | Queue | Villager (Male) |
| 16:11 | Build | Farm |
| 16:18 | Build | Farm |
| 16:23 | Build | Stone Wall |
| 16:44 | Build | Castle |
| 16:45 | Queue | Villager (Male) |
| 16:49 | Build | Farm |
| 16:56 | Queue | Villager (Male) |
| 17:14 | Queue | Villager (Male) |
| 17:18 | Build | Farm |
| 17:23 | Build | Stone Wall |
| 17:26 | Queue | Villager (Male) |
| 17:26 | Queue | Villager (Male) |
| 17:30 | Build | Farm |
| 17:40 | Build | Monastery |
| 17:41 | Queue | Villager (Male) |
| 17:45 | Build | Gate |
| 18:02 | Build | Town Center |
| 18:03 | Queue | Villager (Male) |
| 18:04 | Queue | Villager (Male) |
| 18:17 | Build | Farm |
| 18:18 | Queue | Villager (Male) |
| 18:21 | Build | Farm |
| 18:28 | Queue | Villager (Male) |
| 18:29 | Queue | Villager (Male) |
| 18:36 | Queue | Longbowman |
| 18:39 | Queue | Monk |
| 18:42 | Queue | Villager (Male) |
| 18:44 | Build | Farm |
| 18:56 | Queue | Villager (Male) |
| 18:57 | Queue | Longbowman |
| 19:04 | Build | Farm |
| 19:10 | Build | Farm |
| 19:12 | Queue | Villager (Male) |
| 19:20 | Queue | Villager (Male) |
| 19:21 | Queue | Villager (Male) |
| 19:26 | Build | Gate |
| 19:30 | Build | Stone Wall |
| 19:32 | Queue | Longbowman |
| 19:36 | Build | Farm |
| 19:39 | Queue | Villager (Male) |
| 19:45 | Build | Farm |
| 19:46 | Queue | Villager (Male) |
| 19:55 | Build | House |
| 19:57 | Queue | Villager (Male) |
| 20:06 | Queue | Villager (Male) |
| 20:06 | Queue | Villager (Male) |
| 20:10 | Build | Farm |
| 20:15 | Queue | Villager (Male) |
| 20:29 | Build | House |
| 20:44 | Build | Farm |
| 20:44 | Queue | Villager (Male) |
| 20:51 | Build | Farm |
| 20:55 | Build | Farm |
| 20:56 | Queue | Villager (Male) |
| 21:00 | Queue | Villager (Male) |
| 21:02 | Build | House |
| 21:04 | Queue | Villager (Male) |
| 21:05 | Queue | Villager (Male) |
| 21:07 | Queue | Villager (Male) |
| 21:10 | Build | Farm |
| 21:13 | Build | Farm |
| 21:15 | Build | Farm |
| 21:21 | Build | Farm |
| 21:25 | Queue | Villager (Male) |
| 21:26 | Queue | Longbowman |
| 21:30 | Build | Farm |
| 21:34 | Build | House |
| 21:35 | Queue | Villager (Male) |
| 21:37 | Queue | Villager (Male) |
| 21:47 | Build | Stone Wall |
| 21:49 | Build | Gate |
| 21:51 | Queue | Longbowman |
| 21:51 | Queue | Longbowman |
| 21:52 | Queue | Villager (Male) |
| 21:54 | Queue | Villager (Male) |
| 22:00 | Build | Farm |
| 22:01 | Queue | Villager (Male) |
| 22:03 | Build | Farm |
| 22:05 | Queue | Villager (Male) |
| 22:12 | Queue | Villager (Male) |
| 22:16 | Build | House |
| 22:18 | Queue | Villager (Male) |
| 22:22 | Build | Farm |
| 22:23 | Build | Farm |
| 22:24 | Queue | Villager (Male) |
Build order — _LY_lyx
First 150 of 465 actions detected
| 0:01 | Queue | Villager (Male) |
| 0:01 | Queue | Villager (Male) |
| 0:03 | Build | House |
| 0:04 | Build | House |
| 0:38 | Build | Mill |
| 0:40 | Queue | Villager (Male) |
| 0:42 | Queue | Villager (Male) |
| 1:32 | Queue | Villager (Male) |
| 1:32 | Queue | Villager (Male) |
| 1:53 | Queue | Villager (Male) |
| 1:54 | Queue | Villager (Male) |
| 2:16 | Queue | Villager (Male) |
| 2:16 | Queue | Villager (Male) |
| 2:42 | Queue | Villager (Male) |
| 2:42 | Queue | Villager (Male) |
| 2:44 | Build | Lumber Camp |
| 3:12 | Queue | Villager (Male) |
| 3:13 | Queue | Villager (Male) |
| 3:37 | Build | House |
| 3:39 | Queue | Villager (Male) |
| 3:39 | Queue | Villager (Male) |
| 4:08 | Queue | Villager (Male) |
| 4:08 | Queue | Villager (Male) |
| 4:30 | Queue | Villager (Male) |
| 4:30 | Queue | Villager (Male) |
| 4:31 | Queue | Villager (Male) |
| 4:43 | Build | Dock |
| 4:52 | Queue | Villager (Male) |
| 4:52 | Queue | Villager (Male) |
| 4:53 | Queue | Villager (Male) |
| 5:02 | Build | House |
| 5:15 | Queue | Villager (Male) |
| 5:34 | Queue | Fishing Ship |
| 5:35 | Build | House |
| 5:42 | Queue | Villager (Male) |
| 6:01 | Queue | Villager (Male) |
| 6:01 | Queue | Villager (Male) |
| 6:14 | Queue | Fishing Ship |
| 6:30 | Queue | Villager (Male) |
| 6:46 | Queue | Villager (Male) |
| 7:00 | Queue | Fishing Ship |
| 7:06 | Queue | Villager (Male) |
| 7:32 | Queue | Villager (Male) |
| 7:45 | Build | House |
| 7:49 | Queue | Fishing Ship |
| 8:13 | Queue | Villager (Male) |
| 8:29 | Build | Mining Camp |
| 8:30 | Queue | Fishing Ship |
| 8:45 | Research | Feudal Age |
| 8:45 | Research | Feudal Age |
| 9:46 | Queue | Fishing Ship |
| 10:34 | Queue | Villager (Male) |
| 10:35 | Queue | Villager (Male) |
| 10:56 | Age | Feudal Age |
| 10:58 | Build | Market |
| 11:00 | Build | Blacksmith |
| 11:25 | Build | Lumber Camp |
| 11:26 | Research | Double-Bit Axe |
| 11:44 | Research | Horse Collar |
| 11:52 | Research | Castle Age |
| 11:52 | Research | Castle Age |
| 12:16 | Build | Farm |
| 12:23 | Build | Farm |
| 12:32 | Build | Farm |
| 12:45 | Build | Farm |
| 12:51 | Build | House |
| 13:29 | Queue | Villager (Male) |
| 14:32 | Age | Castle Age |
| 14:34 | Build | Monastery |
| 14:37 | Queue | Villager (Male) |
| 14:41 | Build | Town Center |
| 14:46 | Build | Town Center |
| 15:00 | Research | Bow Saw |
| 15:02 | Queue | Villager (Male) |
| 15:19 | Research | Heavy Plow |
| 15:20 | Research | Heavy Plow |
| 15:20 | Research | Heavy Plow |
| 15:29 | Queue | Monk |
| 15:32 | Queue | Villager (Male) |
| 15:52 | Queue | Villager (Male) |
| 16:04 | Queue | Villager (Male) |
| 16:07 | Research | Wheelbarrow |
| 16:18 | Build | Farm |
| 16:28 | Queue | Villager (Male) |
| 16:30 | Queue | Villager (Male) |
| 16:38 | Queue | Villager (Male) |
| 16:47 | Queue | Villager (Male) |
| 16:48 | Queue | Monk |
| 16:55 | Queue | Villager (Male) |
| 17:11 | Build | Farm |
| 17:12 | Build | Farm |
| 17:13 | Build | Farm |
| 17:14 | Build | Farm |
| 17:15 | Queue | Villager (Male) |
| 17:27 | Queue | Villager (Male) |
| 17:29 | Build | Farm |
| 17:33 | Build | Farm |
| 17:36 | Build | Farm |
| 17:37 | Research | Gold Mining |
| 17:38 | Research | Stone Mining |
| 17:39 | Queue | Villager (Male) |
| 17:51 | Queue | Villager (Male) |
| 17:54 | Queue | Villager (Male) |
| 17:56 | Build | Farm |
| 17:58 | Build | Farm |
| 18:02 | Build | House |
| 18:05 | Build | House |
| 18:13 | Build | Town Center |
| 18:22 | Queue | Villager (Male) |
| 18:30 | Build | Farm |
| 18:32 | Build | Farm |
| 18:34 | Queue | Villager (Male) |
| 18:36 | Build | Farm |
| 18:41 | Queue | Villager (Male) |
| 18:45 | Build | Farm |
| 18:46 | Queue | Villager (Male) |
| 18:52 | Queue | Villager (Male) |
| 18:59 | Queue | Villager (Male) |
| 19:02 | Queue | Villager (Male) |
| 19:05 | Build | House |
| 19:06 | Build | House |
| 19:09 | Build | Farm |
| 19:10 | Build | Farm |
| 19:13 | Queue | Villager (Male) |
| 19:28 | Queue | Villager (Male) |
| 19:31 | Queue | Villager (Male) |
| 19:33 | Build | Farm |
| 19:36 | Build | Farm |
| 19:37 | Queue | Villager (Male) |
| 19:44 | Build | Fish Trap |
| 19:45 | Queue | Villager (Male) |
| 19:48 | Queue | Villager (Male) |
| 19:55 | Queue | Villager (Male) |
| 19:58 | Build | House |
| 19:59 | Build | House |
| 20:10 | Queue | Villager (Male) |
| 20:14 | Build | Farm |
| 20:20 | Research | Hand Cart |
| 20:22 | Queue | Villager (Male) |
| 20:22 | Queue | Villager (Male) |
| 20:35 | Queue | Monk |
| 20:42 | Queue | Villager (Male) |
| 20:46 | Build | Farm |
| 20:46 | Queue | Villager (Male) |
| 20:48 | Build | Farm |
| 20:53 | Build | House |
| 20:55 | Queue | Villager (Male) |
| 20:59 | Queue | Villager (Male) |
| 21:02 | Build | Fish Trap |
| 21:09 | Build | Fish Trap |
Match timeline
| 4:43 | _LY_lyx · first_building Dock |
| 7:35 | Mr_oY · first_building Dock |
| 9:41 | TL_旋律 · age_up feudal |
| 10:07 | FMG | Sawasha Takohida · age_up feudal |
| 10:11 | Mr_oY · age_up feudal |
| 10:30 | 经典不变的回忆 | memory · age_up feudal |
| 10:37 | EDM KamBá · age_up feudal |
| 10:56 | _LY_lyx · age_up feudal |
| 11:07 | Mr_oY · first_market_sell 100 wood |
| 11:13 | 奶糖美少女 · age_up feudal |
| 12:11 | Dubz1197 · first_market_sell 100 stone |
| 13:07 | 奶糖美少女 · wall_segment Palisade Wall x1 |
| 13:09 | 奶糖美少女 · wall_segment Palisade Wall x1 |
| 13:10 | 奶糖美少女 · wall_segment Palisade Wall x1 |
| 13:11 | TL_旋律 · age_up castle |
| 13:34 | Mr_oY · age_up castle |
| 13:46 | 经典不变的回忆 | memory · age_up castle |
| 13:46 | FMG | Sawasha Takohida · age_up castle |
| 14:04 | 经典不变的回忆 | memory · first_market_buy 100 wood |
| 14:24 | EDM KamBá · age_up castle |
| 14:32 | _LY_lyx · age_up castle |
| 14:34 | _LY_lyx · first_building Monastery |
| 14:45 | 奶糖美少女 · age_up castle |
| 14:47 | TL_旋律 · first_market_buy 100 food |
| 14:49 | 奶糖美少女 · wall_segment Palisade Wall x1 |
| 15:11 | 奶糖美少女 · wall_segment Palisade Wall x1 |
| 16:23 | FMG | Sawasha Takohida · wall_segment Stone Wall x1 |
| 16:44 | FMG | Sawasha Takohida · first_building Castle |
| 17:19 | 奶糖美少女 · first_market_buy 100 food |
| 17:23 | FMG | Sawasha Takohida · wall_segment Stone Wall x1 |
| 17:26 | EDM KamBá · first_building Castle |
| 17:40 | FMG | Sawasha Takohida · first_building Monastery |
| 17:54 | FMG | Sawasha Takohida · first_market_buy 100 stone |
| 18:35 | 经典不变的回忆 | memory · first_building Monastery |
| 19:30 | FMG | Sawasha Takohida · wall_segment Stone Wall x1 |
| 21:06 | Mr_oY · first_building Monastery |
| 21:38 | Dubz1197 · first_building Monastery |
| 21:47 | FMG | Sawasha Takohida · wall_segment Stone Wall x10 |
| 22:14 | Mr_oY · first_building Castle |
| 22:32 | 奶糖美少女 · first_building Monastery |
| 23:14 | _LY_lyx · first_building Siege Workshop |
| 23:43 | EDM KamBá · first_market_buy 100 food |
| 23:44 | TL_旋律 · first_building Monastery |
| 23:51 | _LY_lyx · first_building Castle |
| 23:55 | EDM KamBá · first_market_sell 500 wood |
| 24:12 | FMG | Sawasha Takohida · wall_segment Stone Wall x6 |
| 24:32 | 奶糖美少女 · first_market_sell 100 food |
| 24:38 | TL_旋律 · first_building Barracks |
| 24:56 | _LY_lyx · first_building Barracks |
| 25:13 | EDM KamBá · wall_segment Stone Wall x9 |
| 25:18 | TL_旋律 · first_building Stable |
| 25:34 | Mr_oY · first_building Barracks |
| 25:52 | Mr_oY · wall_segment Stone Wall x1 |
| 25:56 | Mr_oY · wall_segment Stone Wall x3 |
| 25:58 | Mr_oY · wall_segment Stone Wall x1 |
| 25:58 | Mr_oY · wall_segment Stone Wall x1 |
| 25:59 | FMG | Sawasha Takohida · wall_segment Stone Wall x7 |
| 26:00 | Mr_oY · wall_segment Stone Wall x1 |
| 26:02 | Mr_oY · wall_segment Stone Wall x3 |
| 26:04 | Mr_oY · wall_segment Stone Wall x2 |
| 26:24 | 奶糖美少女 · first_building Castle |
| 26:34 | Mr_oY · first_building Stable |
| 26:34 | FMG | Sawasha Takohida · first_market_sell 100 food |
| 26:35 | TL_旋律 · first_building Castle |
| 26:52 | 经典不变的回忆 | memory · first_building Castle |
| 27:20 | EDM KamBá · age_up imperial |
| 27:25 | Dubz1197 · first_building Castle |
| 27:43 | _LY_lyx · age_up imperial |
| 27:50 | TL_旋律 · age_up imperial |
| 27:59 | 经典不变的回忆 | memory · first_building Barracks |
| 28:16 | 奶糖美少女 · age_up imperial |
| 28:33 | FMG | Sawasha Takohida · first_building Barracks |
| 28:45 | Dubz1197 · first_building Barracks |
| 28:46 | 经典不变的回忆 | memory · age_up imperial |
| 28:59 | 经典不变的回忆 | memory · first_building Stable |
| 29:18 | Dubz1197 · wall_segment Stone Wall x9 |
| 29:19 | 奶糖美少女 · first_building Siege Workshop |
| 29:41 | Dubz1197 · first_building Archery Range |
| 29:46 | Mr_oY · age_up imperial |
| 29:56 | EDM KamBá · wall_segment Stone Wall x8 |
| 30:06 | FMG | Sawasha Takohida · age_up imperial |
| 31:56 | EDM KamBá · wall_segment Stone Wall x12 |
| 32:05 | 奶糖美少女 · first_building Dock |
| 32:09 | FMG | Sawasha Takohida · wall_segment Stone Wall x1 |
| 32:12 | EDM KamBá · first_building Barracks |
| 33:23 | 经典不变的回忆 | memory · wall_segment Stone Wall x7 |
| 33:58 | EDM KamBá · wall_segment Stone Wall x9 |
| 34:15 | FMG | Sawasha Takohida · first_building Archery Range |
| 34:34 | _LY_lyx · first_market_buy 100 wood |
| 34:35 | _LY_lyx · first_market_sell 100 food |
| 34:42 | EDM KamBá · wall_segment Stone Wall x1 |
| 34:48 | EDM KamBá · wall_segment Stone Wall x1 |
| 34:50 | EDM KamBá · wall_segment Stone Wall x1 |
| 34:56 | Dubz1197 · wall_segment Stone Wall x13 |
| 35:11 | EDM KamBá · first_building Siege Workshop |
| 35:43 | TL_旋律 · tribute_sent a jugador 1 |
| 35:43 | TL_旋律 · tribute_sent a jugador 2 |
| 35:43 | TL_旋律 · tribute_sent a jugador 3 |
| 35:43 | TL_旋律 · tribute_sent a jugador 4 |
| 35:43 | TL_旋律 · tribute_sent a jugador 5 |
| 35:43 | TL_旋律 · tribute_sent a jugador 7 |
| 35:43 | TL_旋律 · tribute_sent a jugador 8 |
| 36:39 | EDM KamBá · wall_segment Stone Wall x2 |
| 38:04 | FMG | Sawasha Takohida · first_building Siege Workshop |
| 38:19 | TL_旋律 · tribute_sent a jugador 1 |
| 38:19 | TL_旋律 · tribute_sent a jugador 2 |
| 38:19 | TL_旋律 · tribute_sent a jugador 3 |
| 38:19 | TL_旋律 · tribute_sent a jugador 4 |
| 38:19 | TL_旋律 · tribute_sent a jugador 5 |
| 38:19 | TL_旋律 · tribute_sent a jugador 7 |
| 38:19 | TL_旋律 · tribute_sent a jugador 8 |
| 38:34 | 经典不变的回忆 | memory · resign |
[ AI ANALYSIS · 1 CREDIT ]
What really happened in this match?
Wolo.gg analyzes every decision: build order, eco, micro, common mistakes by bracket. Personalized analysis on WhatsApp or Discord in 30 seconds.
Civ guide
Burgundians
Perfil
Jugador #5158140